 Dungeon Crawl Stone Soup version bcrawl-1.28.3 (webtiles) character file.

Game seed: 17062493781423257719

370749 Yohl the Fighter (level 11, -3/73 HPs)
             Began as a Gargoyle Fighter on Dec 25, 2020.
             Was a Priest of Okawaru.
             Engulfed by a cloud of flame (15 damage)
             ... on level 2 of the Lair of Beasts.
             The game lasted 00:33:12 (10753 turns).

Yohl the Fighter (Gargoyle Fighter)                Turns: 10753, Time: 00:33:12

Health: -3/73      AC: 24    Str: 20    XL:     11   Next: 83%
Magic:  11/11      EV: 10    Int:  9    God:    Okawaru [***...]
Gold:   943        SH: 14    Dex: 12    Spells: 10/10 levels left

rFire    . . .     SeeInvis .   a - +0 long sword
rCold    + . .     Gourm    .   c - +0 medium shield
rNeg     + . .     Faith    .   K - +3 chain mail
rPois    ∞         Spirit   .   z - +0 helmet
rElec    +         Reflect  .   G - +0 cloak
rCorr    .         Harm     .   (no gloves)
MR       .....                  (no boots)
Stlth    ..........             (no amulet)
HPRegen  0.22/turn              n - ring "Aqaczyem" {+Fly rC+}
MPRegen  0.12/turn              C - +5 ring of evasion

@: no status effects
A: negative energy resistance 1, electricity resistance, unbreathing,
petrification resistance, rot immunity, AC +8
a: Heroism, Renounce Religion, Evoke Flight


You were on level 2 of the Lair of Beasts.
You worshipped Okawaru.
Okawaru was most pleased with you.
You were hungry.

You visited 3 branches of the dungeon, and saw 11 of its levels.

You collected 1082 gold pieces.
You spent 139 gold pieces at shops.

Inventory:

Hand Weapons
 a - a +0 long sword (weapon)
 j - a +0 hand crossbow
 H - the +5 mace of Spite {freeze, rN+++ Str+6 Int-5 Stlth-}
   (You found it on level 7 of the Dungeon)

   It has been specially enchanted to freeze those struck by it, increasing
   damage dealt by approximately one third against foes not resistant or
   susceptible to cold, and potentially slowing cold-blooded foes.
   It affects your strength (+6).
   It affects your intelligence (-5).
   It renders you almost immune to negative energy.
   It makes you less stealthy.
Missiles
 m - 378 bolts
Armour
 c - a +0 medium shield (worn)
 z - a +0 helmet (worn)
 G - a +0 cloak (worn)
 K - a +3 chain mail (worn)
Jewellery
 n - the ring "Aqaczyem" (left hand) {+Fly rC+}
   (You took it off a hobgoblin on level 3 of the Dungeon)

   [ring of flight]

   It protects you from cold.
   It lets you fly.
 A - the ring of Yllae {Ice rN+}
   (You took it off an orc on level 5 of the Dungeon)

   [ring of ice]

   It enhances your ice magic.
   It makes you vulnerable to fire.
   It protects you from cold.
   It protects you from negative energy.
 C - a +5 ring of evasion (right hand)
 E - an uncursed ring of positive energy {unknown}
Wands
 o - a wand of flame (21)
 q - a wand of acid (14)
 u - a wand of random effects (15)
 B - a wand of polymorph (27)
 J - a wand of clouds (3)
 L - a wand of scattershot (4)
Scrolls
 b - a scroll of fog {unknown}
 f - 3 scrolls of remove curse
 g - 2 scrolls of amnesia {unknown}
 l - 2 scrolls of noise {unknown}
 p - 2 scrolls of blinking
 s - a scroll of enchant armour {unknown}
 y - 2 scrolls of enchant weapon {unknown}
 D - a scroll of identify
Potions
 d - a potion of might
 h - 7 potions of mutation
 i - 3 potions of magic
 k - a potion of flight
 t - 2 potions of ambrosia {unknown}
 w - 2 potions of heal wounds
 x - a potion of agility {unknown}
 F - a potion of haste
Comestibles
 e - 14 rations {!d}
 v - 3 chunks of flesh


   Skills:
 * Level 10.4 Fighting
 + Level 8.9 Long Blades
 - Level 8.0 Crossbows
 * Level 7.6 Armour
 + Level 9.8 Shields


You had 10 spell levels left.
You didn't know any spells.
Your spell library contained the following spells:

 Spells                   Type           Power        Failure   Level  Hunger
 Animate Skeleton         Necr           N/A          100%        1    None
 Apportation              Tloc           #.....       100%        1    None
 Infusion                 Chrm           #.......     100%        1    None
 Pain                     Necr           #.....       100%        1    None
 Sandblast                Erth           #.....       100%        1    None
 Slow                     Hex            #.......     100%        1    None
 Summon Butterflies       Summ           #.......     100%        1    None
 Call Canine Familiar     Summ           #.......     100%        3    #####..
 Vampiric Draining        Necr           #.........   100%        3    #####..
 Agony                    Necr           #.......     100%        4    ######.
 Animate Dead             Necr           N/A          100%        4    ######.
 Summon Ice Beast         Ice/Summ       #.......     100%        4    ######.
 Dispel Undead            Necr           #.......     100%        5    #######
 Summon Mana Viper        Hex/Summ       #.......     100%        5    #######
 Summon Hydra             Summ           #.........   100%        6    #######
 Monstrous Menagerie      Summ           #.........   100%        7    #######


Dungeon Overview and Level Annotations

Branches:
Dungeon (8/12)             Temple (1/1) D:6            Lair (2/6) D:7
  Swamp: Lair:2-4    Shoals: Lair:2-4     Snake: Lair:2-4    Spider: Lair:2-4
    Orc: D:8-11

Altars:
Ashenzari
Cheibriados
Dithmenos
Elyvilon
Fedhas
Gozag
Hepliaklqana
Kikubaaqudgha
Lugonu
Nemelex Xobeh
Okawaru
Qazlal
Ru
Sif Muna
Trog
Uskayaw
Vehumet
Wu Jian
Xom
Yredelemnul
Zin
The Shining One

Shops:
D:7 [


Innate Abilities, Weirdness & Mutations

You are resistant to torment.
Your stone body is resilient. (AC +8)
You are immune to poison.
You resist negative energy. (rN+)
You are resistant to electric shocks. (rElec)
You can survive without breathing.
You are immune to petrification.
You are immune to rotting.


Message History

The killer bee barely misses you. The killer bee misses you.
The killer bee stings you but does no damage.
The killer bee closely misses you. x2; The killer bee barely misses you.
You slash the killer bee!
The killer bee explodes!
The fiery explosion engulfs the killer bee!!
The killer bee explodes!
The fiery explosion engulfs the killer bee!
The killer bee is almost dead.
Okawaru accepts your kill.
The fiery explosion engulfs the killer bee!!
The killer bee explodes!
Okawaru accepts your kill.
You feel a bit more experienced. The fiery explosion engulfs you!
Okawaru accepts your kill. The fiery explosion engulfs you!
* * * LOW HITPOINT WARNING * * *
Okawaru accepts your kill.
You are engulfed in blazing flames.
You die...

. ........#
#. #.......#
...y
.......#
.#.. ......#
..#..##....#
...#.......#
. ....#...##
...#..##÷#y#
#.y..#.#@#
#...§§§#
##..§§##
#...§.#
#.....P#
#.....P#
#.......#
#........#
##.......#


You could see a killer bee (inner flame).

Vanquished Creatures
  A hydra (Lair:1)
  Pikel (D:5)
  A cane toad (Lair:1)
  A komodo dragon (Lair:2)
  A troll (D:7)
  A hippogriff (D:6)
  6 blink frogs (Lair:1)
  17 yaks
  Eustachio (D:5)
  2 hungry ghosts
  A vampire mosquito (D:6)
  Edmund (D:6)
  3 crocodiles
  3 water moccasins
  An eye of draining (D:8)
  2 orc warriors (D:6)
  7 porcupines (D:7)
  2 ice beasts (D:8)
  2 sky beasts
  3 phantoms
  A black bear (D:7)
  5 wolves (D:7)
  3 centaurs
  4 ogres
  A bullfrog (Lair:1)
  6 scorpions
  A water moccasin skeleton (D:4)
  20 killer bees
  3 crimson imps
  A centaur zombie (D:6)
  A quasit (D:5)
  3 jellies
  4 hounds
  4 orc priests
  A bullfrog skeleton (D:7)
  Crazy Yiuf (D:7)
  A centaur skeleton (D:7)
  3 iguanas
  10 orc wizards
  2 worker ants
  A statue (D:8)
  A hound zombie (D:8)
  A hound skeleton (D:5)
  A howler monkey skeleton (D:5)
  7 adders
  An ooze (D:6)
  An adder skeleton (D:3)
  An adder zombie (D:5)
  A worm (D:3)
  7 leopard geckos
  29 orcs
  2 ball pythons
  2 giant cockroaches
  5 goblins
  9 hobgoblins
  5 jackals
  5 quokkas
  7 bats
  3 frilled lizards
  10 kobolds
  A quokka skeleton (D:6)
  5 rats
237 creatures vanquished.

Vanquished Creatures (others)
  A slave (D:5)
  A howler monkey skeleton (D:5)
  An adder (D:5)
  2 adder skeletons (D:5)
  An orc (D:5)
  15 fungi
  2 plants
23 creatures vanquished.

Grand Total: 260 creatures vanquished

Notes
Turn   | Place    | Note
-------+----------+-------------------------------------------
     0 | D:1      | Yohl the Gargoyle Fighter began the quest for the Orb.
     0 | D:1      | Reached XP level 1. HP: 14/14 MP: 1/1
   123 | D:1      | Reached XP level 2. HP: 19/19 MP: 2/2
   914 | D:2      | Found a bloodstained altar of Trog.
  1081 | D:2      | Reached XP level 3. HP: 23/24 MP: 3/3
  1137 | D:2      | Reached skill level 4 in Fighting
  1374 | D:2      | Found an ancient bone altar of Kikubaaqudgha.
  1686 | D:2      | Reached XP level 4. HP: 27/29 MP: 4/4
  1914 | D:3      | Reached XP level 5. HP: 2/33 MP: 5/5
  2119 | D:3      | Reached skill level 1 in Crossbows
  2301 | D:3      | Identified the ring "Aqaczyem" {+Fly rC+}
  2414 | D:3      | Found a sacrificial altar of Ru.
  2571 | D:3      | Reached XP level 6. HP: 23/39 MP: 6/6
  2846 | D:3      | Found a white marble altar of Elyvilon.
  2858 | D:3      | Found an ornate altar of the Wu Jian Council.
  2858 | D:3      | Found a sparkling altar of Nemelex Xobeh.
  2859 | D:3      | Found a corrupted altar of Lugonu.
  2863 | D:3      | Found a hide-covered altar of Uskayaw.
  3371 | D:4      | Reached skill level 5 in Fighting
  3371 | D:4      | Reached XP level 7. HP: 43/44 MP: 7/7
  3783 | D:5      | Entered Level 5 of the Dungeon
  3922 | D:5      | Noticed Pikel
  3968 | D:5      | Killed Pikel
  3969 | D:5      | Reached skill level 6 in Fighting
  3969 | D:5      | Reached skill level 5 in Crossbows
  3969 | D:5      | Reached skill level 5 in Shields
  3969 | D:5      | Reached XP level 8. HP: 29/51 MP: 8/8
  4324 | D:5      | Identified the ring of Yllae {Ice rN+}
  4346 | D:5      | Reached skill level 5 in Armour
  4507 | D:5      | Found a glowing golden altar of the Shining One.
  4623 | D:5      | Noticed Eustachio
  4653 | D:5      | Killed Eustachio
  4662 | D:5      | Became a worshipper of the Shining One
  4766 | D:5      | Found a glowing silver altar of Zin.
  4986 | D:5      | Reached XP level 9. HP: 56/56 MP: 9/9
  4991 | D:6      | Noticed a troll
  5296 | D:6      | Noticed Edmund
  5309 | D:6      | Reached skill level 5 in Long Blades
  5317 | D:6      | Reached skill level 7 in Fighting
  5338 | D:6      | Killed Edmund
  5431 | D:6      | Found a staircase to the Ecumenical Temple.
  5440 | Temple   | Entered the Ecumenical Temple
  6586 | D:7      | Reached * piety under the Shining One
  6701 | D:6      | Reached XP level 10. HP: 64/64 MP: 10/10
  6743 | D:6      | Reached skill level 8 in Fighting
  6874 | D:7      | Found Metwin's Antique Armour Emporium.
  6900 | D:7      | Bought a helmet for 139 gold pieces
  7119 | D:7      | Found a staircase to the Lair.
  7677 | D:7      | Found a runed door.
  7717 | D:7      | Found a shattered altar of Ashenzari.
  7990 | D:7      | Noticed Crazy Yiuf
  7996 | D:7      | Killed Crazy Yiuf
  8002 | D:7      | Got an iridescent mace
  8003 | D:7      | Identified the +5 mace of Spite {freeze, rN+++ Str+6 Int-5
                  | Stlth-} (You found it on level 7 of the Dungeon)
  8237 | D:8      | Reached skill level 9 in Fighting
  8263 | D:8      | Reached XP level 11. HP: 59/71 MP: 0/11
  8576 | Temple   | Fell from the grace of the Shining One
  8576 | Temple   | Became a worshipper of Warmaster Okawaru
  9070 | D:8      | Found a radiant altar of Vehumet.
  9140 | D:8      | Noticed a centaur warrior
  9201 | Lair:1   | Entered Level 1 of the Lair of Beasts
  9557 | Lair:1   | Reached * piety under Okawaru
  9699 | Lair:1   | Reached ** piety under Okawaru
  9918 | Lair:1   | Noticed a six-headed hydra
  9929 | Lair:1   | Killed a six-headed hydra
  9930 | Lair:1   | Reached skill level 10 in Fighting
 10391 | Lair:2   | Reached *** piety under Okawaru
 10753 | Lair:2   | Engulfed by a cloud of flame

Skill      XL: |  1  2  3  4  5  6  7  8  9 10 11 |
---------------+----------------------------------+-----
Long Blades    | 2 3 4 6 8 |  8.9
Fighting       | 4 5 6 7 9 10 | 10.4
Shields        | 4 5 7 8 9 |  9.8
Crossbows      | 1 3 5 6 7 8 |  8.0
Armour         | 4 5 6 7 |  7.6

Action                   |  1- 3 |  4- 6 |  7- 9 | 10-12 || total
-------------------------+-------+-------+-------+-------++-------
Melee: Long sword        |   147 |   144 |   450 |   680 ||  1421
 Fire: Hand crossbow     |       |    84 |    33 |    72 ||   189
Invok: Heroism           |       |       |       |     4 ||     4
Evoke: Wand              |       |       |       |     5 ||     5
  Use: Scroll            |     2 |       |     7 |     3 ||    12
       Potion            |       |       |       |     2 ||     2
  Eat: Chunk             |     7 |    11 |    23 |    27 ||    68
       Ration            |       |     1 |     1 |     2 ||     4
Armor: Scale mail        |    86 |   123 |   239 |       ||   448
       Chain mail        |       |       |    54 |   397 ||   451
Dodge: Dodged            |    36 |    46 |   138 |   296 ||   516
Block: Medium shield     |    86 |   108 |   286 |   628 ||  1108
